 Dungeon Crawl Stone Soup version 0.31-a0-986-g5e6e4ef867 (webtiles) character file.

Game seed: 4386314702436486328

186 bobarctor the Grave Robber (level 5, -3/41 HPs)
             Began as a Ghoul Necromancer on Nov 23, 2023.
             Slain by Grinder (6 damage)
             ... on level 4 of the Dungeon.
             The game lasted 00:18:49 (3193 turns).

bobarctor the Grave Robber (Ghoul Necromancer)      Turns: 3193, Time: 00:18:50

Health: -3/41      AC:  3    Str: 12    XL:     5   Next: 66%
Magic:  7/7        EV: 12    Int: 12    God:
Gold:   192        SH:  0    Dex:  9    Spells: 4/8 levels left

rFire   . .          .
                       - Unarmed
rCold   + . .        (no shield)
rNeg    + + +        a - +0 robe
rPois   ∞            (no helmet)
rElec   .            (no cloak)
rCorr   .            (no gloves)
SInv    .            r - +0 pair of boots
Will    .....        (no amulet)
Stlth   ++           (no ring)
HPRegen 0.00/turn    (no ring)
MPRegen 0.10/turn

%: no passive effects
@: inhibited regen
A: claws 1, cold resistance 1, negative energy resistance 3, inhibited
regeneration, torment resistance 2, devour on kill
a: no special abilities


You were on level 4 of the Dungeon.
You visited 1 branch of the dungeon, and saw 4 of its levels.

You collected 192 gold pieces.

Inventory:

Hand Weapons
 c - a +0 dagger
 f - a +0 sling
 w - a +2 short sword of electrocution
Missiles
 e - 41 stones
 x - 3 boomerangs
Armour
 a - a +0 robe (worn)
 r - a +0 pair of boots (worn)
Talismans
 k - a beast talisman
Scrolls
 d - 4 scrolls of poison {unknown}
 i - a scroll of blinking {unknown}
 l - a scroll of torment {unknown}
 n - a scroll of immolation {unknown}
 q - 2 scrolls of teleportation {unknown}
 v - a scroll of identify {unknown}
 y - a scroll of amnesia {unknown}
 A - a scroll of enchant armour {unknown}
Potions
 b - a potion of magic
 g - 4 potions of curing {unknown}
 h - a potion of heal wounds {unknown}
 j - a potion of mutation {unknown}
 m - a potion of resistance {unknown}
 o - 2 potions of might {unknown}
 p - a potion of lignification {unknown}
 s - a potion of attraction {unknown}
 t - a potion of brilliance {unknown}
 u - a potion of invisibility {unknown}
 z - a potion of enlightenment {unknown}


   Skills:
 + Level 2.1 Fighting
 + Level 2.5 Dodging
 + Level 3.4 Stealth
 + Level 2.0 Unarmed Combat
 + Level 2.4 Spellcasting
 + Level 4.5 Necromancy


You had 4 spell levels left.
You knew the following spells:

 Your Spells              Type           Power      Damage    Failure   Level
a - Necrotise             Necr           48%        1d6       4%          1
b - Vampiric Draining     Necr           12%        2d6       12%         3

Your spell library contained the following spells:

 Spells                   Type           Power      Damage    Failure   Level
 Animate Dead             Necr           12%        N/A       38%         4
 Agony                    Necr           12%        N/A       75%         5


Dungeon Overview and Level Annotations

Branches:
Dungeon (4/15)
 Temple: D:4-7

Altars:
Qazlal
Sif Muna

Annotations:
D:4 Grinder


Innate Abilities, Weirdness & Mutations

You are immune to poison.
You have sharp fingernails.
Your flesh is cold resistant. (rC+)
You are immune to negative energy. (rN+++)
You do not regenerate when monsters are visible.
You are immune to unholy pain and torment.
You thrive by killing the living.


Message History

An adder comes into view.
Grinder grins, showing sharp teeth.
Grinder blinks!
You barely miss Grinder. Grinder misses you.
You scratch Grinder but do no damage. Grinder hits you.
You completely miss Grinder. Grinder hits you.
You closely miss Grinder. Grinder hits you.
You closely miss Grinder. Grinder hits you.
You scratch Grinder.
Grinder is lightly wounded.
Grinder hits you.
The adder hisses angrily.
You scratch Grinder but do no damage. Your claw misses Grinder.
Grinder is lightly wounded.
Grinder says, "DUCK!"
Grinder hits you.
You scratch Grinder but do no damage.
Grinder is lightly wounded.
Grinder hits you.
You closely miss Grinder.
Grinder is lightly wounded.
Grinder blinks!
Grinder attacks as she pursues you! Grinder hits you.
The adder bites you but does no damage. Grinder attacks as she pursues you!
Grinder hits you. Why would you want to do that?
The adder attacks as it pursues you! The adder bites you but does no damage.
The adder barely misses you. The adder attacks as it pursues you!
The adder closely misses you. The adder attacks as it pursues you!
The adder bites you but does no damage. The adder attacks as it pursues you!
The adder closely misses you.
Grinder blinks!
The adder closely misses you. The adder attacks as it pursues you!
The adder bites you.
* * * LOW HITPOINT WARNING * * *
Grinder hits you!
* * * LOW HITPOINT WARNING * * *
The adder attacks as it pursues you! The adder bites you but does no damage.
Grinder hits you.
You die...
Grinder says, "Now the real fun starts!"

##.≈....§§§........##.#
#######..≈≈...§§.§......###..#
##..........._.§§§'##....#
.#..
..........≈≈...≈§..##....# .
#. ..........≈....§§..###+###
# . ............≈.≈§...###+#.#
# .S.........≈§.≈§§§..)....#
..............5S.#.......#
.........[....@..#.......#
........####.....#.......#
#.......#........#........#
..........##.#####.........#
###.##### #.# ####...#### ...
..# #...+ ## #### #...# #...#
#...#


You could see Grinder and an adder.

Vanquished Creatures
  A scorpion (D:3)
  6 adders
  2 worms (D:2)
  A dart slug (D:3)
  An orc (D:3)
  5 endoplasms
  2 giant cockroaches
  8 goblins
  3 hobgoblins (D:1)
  3 jackals (D:2)
  7 quokkas
  3 ball pythons
  4 bats
  3 frilled lizards
  6 kobolds
  5 rats
60 creatures vanquished.

Vanquished Creatures (collateral kills)
  A goblin (D:1)
1 creature vanquished.

Grand Total: 61 creatures vanquished

Notes
Turn   | Place    | Note
-------+----------+-------------------------------------------
     0 | D:1      | bobarctor the Ghoul Necromancer began the quest for the
                  | Orb.
     0 | D:1      | Reached XP level 1. HP: 14/14 MP: 2/2
   456 | D:1      | Reached XP level 2. HP: 22/22 MP: 1/3
  1034 | D:2      | Reached skill level 1 in Fighting
  1034 | D:2      | Reached skill level 1 in Unarmed Combat
  1034 | D:2      | Reached XP level 3. HP: 23/28 MP: 0/5
  1286 | D:2      | Learned a level 3 spell: Vampiric Draining
  1605 | D:2      | Reached XP level 4. HP: 27/35 MP: 0/6
  2375 | D:3      | Noticed a scorpion
  2468 | D:3      | Killed a scorpion
  2469 | D:3      | Reached XP level 5. HP: 25/41 MP: 0/7
  2899 | D:3      | Found a shimmering blue altar of Sif Muna.
  3089 | D:4      | Found a stormy altar of Qazlal.
  3161 | D:4      | Noticed Grinder
  3193 | D:4      | Slain by Grinder

Illustrated notes

Levels and vault maps discovered:
D:1:      minmay_arrival_stair_chambers, layout_loops_cross,
          serial_park_tiny_pond, minivault_19, minmay_misc_feat_roman
D:2:      layout_basic
D:3:      layout_rooms, lemuel_blue_sif_altar
D:4:      layout_basic, mainiacjoe_overflow_small_starburst, marbit_many_paths,
          dk_noncrumbling_3, uniq_grinder, uniq_edmund, uniq_ijyb

Skill      XL: |  1  2  3  4  5 |
---------------+----------------+-----
Dodging        | 2 |  2.5
Fighting       | 1 2 |  2.1
Unarmed Combat | 1 2 |  2.0
Spellcasting   | 2 |  2.4
Stealth        | 3 |  3.4
Necromancy     | |  4.5

Action                     |  1- 3 |  4- 6 || total
---------------------------+-------+-------++-------
  Melee: Unarmed           |    94 |    95 ||   189
         Dagger            |     6 |       ||     6
   Cast: Necrotise         |    38 |    23 ||    61
         Vampiric Draining |     3 |     3 ||     6
   Stab: Sleeping          |     1 |     1 ||     2
 Armour: Robe              |    52 |    63 ||   115
  Dodge: Dodged            |    84 |    63 ||   147

Table legend: (Time is in decaauts)
 A = Elapsed time spent in this place.
 B = Non-inter-level travel time spent in this place.
 C = Inter-level travel time spent in this place.
 D = Time resting spent in this place.
 E = Time spent auto-exploring this place.
 F = Levels seen in this place.
 G = Mean time per level.
                   A        B        C        D        E       F      G
               +--------+--------+--------+--------+--------+-----+--------+
         Total |   3187 |   3148 |     39 |    394 |   1958 |   4 |  796.8 |
       Dungeon |   3187 |   3148 |     39 |    394 |   1958 |   4 |  796.8 |
               +--------+--------+--------+--------+--------+-----+--------+

Top non-repeatable levels by time:
     D:2: 1356 daAuts
     D:1: 933 daAuts
     D:3: 727 daAuts
     D:4: 170 daAuts
